 Dungeon Crawl Stone Soup version 0.29.0-11-gd7f09526c8 (webtiles) character file.

Game seed: 5007026840538737403

2055 SensoryNuts the Cleaver (level 9, -2/67 HPs)
             Began as a Demonspawn Fighter on Sept 6, 2022.
             Slain by a wight
             ... wielding a +4 mace
              (14 damage)
             ... on level 7 of the Dungeon.
             The game lasted 00:06:10 (7349 turns).

SensoryNuts the Cleaver (Demonspawn Fighter)        Turns: 7349, Time: 00:06:11

Health: -2/67      AC: 10    Str: 20    XL:     9   Next: 5%
Magic:  9/9        EV: 10    Int: 10    God:
Gold:   450        SH:  7    Dex: 19    Spells: 8/8 levels left

rFire   . . .      SeeInvis .   a - +1 war axe
rCold   . . .      Faith    .   c - +1 buckler
rNeg    . . .      Spirit   .   b - +0 scale mail
rPois   .          Reflect  .   (helmet restricted)
rElec   .          Harm     .   m - +0 cloak
rCorr   .          Rampage  .   (no gloves)
Will    .....                   (no boots)
Stlth   +.........              (no amulet)
HPRegen 0.21/turn               k - +6 ring of dexterity
MPRegen 0.11/turn               (no ring)

@: no status effects
A: antennae 1, molten scales 1, demonic magic 3
a: no special abilities


You were on level 7 of the Dungeon.
You visited 1 branch of the dungeon, and saw 7 of its levels.

You collected 450 gold pieces.

Inventory:

Hand Weapons
 a - a +1 war axe (weapon)
Armour
 b - a +0 scale mail (worn)
 c - a +1 buckler (worn)
 m - a +0 cloak (worn)
 t - a +0 helmet
Jewellery
 k - a +6 ring of dexterity (left hand)
 r - an amulet of magic regeneration
Wands
 e - a wand of iceblast (12)
Scrolls
 d - a scroll of brand weapon {unknown}
 f - 2 scrolls of torment
 i - a scroll of blinking
 n - 2 scrolls of enchant armour
 u - 2 scrolls of identify
 v - 2 scrolls of enchant weapon
 w - a scroll of silence
Potions
 g - a potion of cancellation {unknown}
 h - a potion of magic
 j - a potion of attraction
 l - 2 potions of degeneration
 o - a potion of flight
 p - a potion of might
 q - 4 potions of lignification


   Skills:
 + Level 4.9 Fighting
 * Level 8.7 Axes
 + Level 4.4 Armour
 + Level 2.2 Dodging
 + Level 1.0 Stealth
 + Level 4.3 Shields


You had 8 spell levels left.
You didn't know any spells.
Your spell library contained the following spells:

 Spells                   Type           Power      Damage    Failure   Level
 Magic Dart               Conj           0%         1d3       80%         1
 Call Imp                 Summ           0%         N/A       90%         2
 Dazzling Flash           Conj/Hex       0%         N/A       99%         3
 Ignite Poison            Fire/Tmut/Pois 0%         N/A       99%         3
 Mephitic Cloud           Conj/Pois/Air  0%         N/A       99%         3
 Iskenderun's Mystic Bla  Conj/Tloc      0%         2d3       100%        4
 Freezing Cloud           Conj/Ice/Air   0%         6-21      100%        5
 Starburst                Conj/Fire      0%         6d3       100%        6


Dungeon Overview and Level Annotations

Branches:
Dungeon (7/15)
 Temple: D:4-7

Altars:
Gozag
Kikubaaqudgha
Makhleb
Yredelemnul

Shops:
D:3 *

Annotations:
D:3 3 runed translucent doors, styxcanada's ghost, amateur SpBr


Innate Abilities, Weirdness & Mutations

You have a pair of small antennae on your head.
You are partially covered in molten scales. (AC +2)
Spells you cast and wands you use may paralyse nearby enemies.


Message History

You are too injured to fight recklessly!
You barely miss the wight.
You feel sick. You block the wight's attack.
You barely miss the wight.
You feel sick. The wight hits you with a +4 hand axe.
You feel drained.
You closely miss the wight.
You feel sick. The wight hits you but does no damage.
You slash the wight!
The wight is heavily damaged.
You feel sick. The wight barely misses you.
You slash the wight!
You destroy the wight!
You feel sick.
Your life force feels restored.
Your Stealth skill increases to level 1!
You feel sick.
Things that are here:
a +4 hand axe; 4 poisoned darts; a +0 robe You feel sick.
You are no longer poisoned.
An orc comes into view. It is wielding a +0 dagger.
An orc is nearby!
An orc is nearby!
You are too injured to fight recklessly!
You are too injured to fight recklessly!
Things that are here:
a +0 short sword; a +0 robe A wight comes into view.
It is wielding a +4 mace.
You start resting.
A wight is nearby!
A wight is nearby!
The wight hits you with a +4 mace.
You closely miss the wight. You block the wight's attack.
You hit the wight.
The wight is moderately damaged.
You block the wight's attack. The wight hits you with a +4 mace!
* * * LOW HITPOINT WARNING * * *
You completely miss the wight.
The wight is moderately damaged.
The wight hits you with a +4 mace!
You die...

......# . <..##.##..
.........# #....
.........# #.....
....#### ###..z. ....#
..#..# #### ...##
....###...## ....##
##..##.....## ###..#
#...#@......# .....##
#...z.......#
......######.)##.......#
#####....##.).###.....##
####....#.# .......#
.............##.......#
......................#
...............#.....##
...............##...##


You could see a wight.

Vanquished Creatures
  Grinder (D:3)
  2 ice beasts
  An ogre (D:5)
  A centaur (D:7)
  2 phantoms
  2 bullfrogs
  2 necrophages
  2 scorpions (D:6)
  6 wights
  2 howler monkeys
  6 hounds
  2 jellies (D:6)
  4 iguanas
  4 orc wizards
  9 adders
  A white imp (D:5)
  3 worms
  A dart slug (D:1)
  8 orcs
  12 endoplasms
  4 giant cockroaches
  8 goblins
  10 hobgoblins
  7 jackals
  4 kobolds
  8 quokkas
  8 ball pythons
  6 bats
  2 frilled lizards (D:1)
  7 rats
135 creatures vanquished.

Notes
Turn   | Place    | Note
-------+----------+-------------------------------------------
     0 | D:1      | SensoryNuts the Demonspawn Fighter began the quest for the
                  | Orb.
     0 | D:1      | Reached XP level 1. HP: 18/18 MP: 1/1
   156 | D:1      | Reached skill level 2 in Axes
   157 | D:1      | Gained mutation: Spells you cast may paralyse adjacent
                  | enemies. [demonic ancestry]
   157 | D:1      | Reached XP level 2. HP: 18/24 MP: 2/2
   698 | D:1      | Gained mutation: You are partially covered in molten
                  | scales. (AC +2) [demonic ancestry]
   698 | D:1      | Reached XP level 3. HP: 21/29 MP: 3/3
   960 | D:1      | Found a faded altar of an unknown god.
  2350 | D:3      | Reached skill level 3 in Axes
  2397 | D:3      | Reached XP level 4. HP: 35/35 MP: 4/4
  2743 | D:3      | Found an ancient bone altar of Kikubaaqudgha.
  2745 | D:3      | Found a runed translucent gate.
  2745 | D:3      | Found a runed translucent gate.
  2745 | D:3      | Found a runed translucent gate.
  2752 | D:3      | Noticed styxcanada's ghost (amateur SpBr)
  2782 | D:3      | Noticed Grinder
  2800 | D:3      | Killed Grinder
  2801 | D:3      | Reached skill level 4 in Axes
  2801 | D:3      | Gained mutation: Spells you cast may paralyse nearby
                  | enemies. [demonic ancestry]
  2801 | D:3      | Reached XP level 5. HP: 6/42 MP: 5/5
  2801 | D:3      | Reached XP level 6. HP: 7/48 MP: 6/6
  3082 | D:3      | Found Gihell's General Store.
  4136 | D:4      | Reached skill level 1 in Dodging
  4233 | D:4      | Reached skill level 5 in Axes
  4429 | D:4      | Reached XP level 7. HP: 54/54 MP: 7/7
  4676 | D:5      | Entered Level 5 of the Dungeon
  5089 | D:5      | Found a burning altar of Makhleb.
  5090 | D:5      | Found an opulent altar of Gozag.
  5142 | D:5      | Reached skill level 6 in Axes
  5422 | D:5      | Found a basalt altar of Yredelemnul.
  5824 | D:6      | Gained mutation: You have a pair of small antennae on your
                  | head. [demonic ancestry]
  5824 | D:6      | Reached XP level 8. HP: 21/61 MP: 8/8
  5919 | D:6      | Reached skill level 7 in Axes
  6994 | D:6      | Reached skill level 8 in Axes
  7302 | D:7      | Gained mutation: Spells you cast and wands you use may
                  | paralyse nearby enemies. [demonic ancestry]
  7302 | D:7      | Reached XP level 9. HP: 38/67 MP: 9/9
  7310 | D:7      | Reached skill level 1 in Stealth
  7349 | D:7      | Slain by a wight

Illustrated notes

Levels and vault maps discovered:
D:1:      onia_arrival_pyramid, layout_basic, ebering_ecumenical_altar_rust
D:2:      cheibrodos_helix_gallery, layout_loops_ring
D:3:      layout_basic, mainiacjoe_overflow_alcove_1, serial_shops, shop,
          ebering_ghost_rock_garden, minmay_checkerbox, uniq_grinder
D:4:      layout_basic, minmay_quadrilaterals
D:5:      layout_loops_ring, mainiacjoe_overflow_small_starburst,
          mainiacjoe_overflow_divided_tiny
D:6:      layout_rooms, nicolae_titane
D:7:      layout_rooms, minmay_temple_entry_statues_pillars

Skill      XL: |  1  2  3  4  5  6  7  8  9 |
---------------+----------------------------+-----
Axes           | 2 3 4 5 6 8 |  8.7
Armour         | 3 4 |  4.4
Fighting       | 4 |  4.9
Shields        | 3 4 |  4.3
Dodging        | 1 2 |  2.2
Stealth        | 1 |  1.0

Action                   |  1- 3 |  4- 6 |  7- 9 || total
-------------------------+-------+-------+-------++-------
Melee: War axe           |   123 |   108 |   217 ||   448
  Use: Scroll            |     8 |       |     9 ||    17
       Potion            |       |     1 |     3 ||     4
Armor: Scale mail        |    69 |    57 |   106 ||   232
Dodge: Dodged            |    58 |    63 |    94 ||   215
Block: Buckler           |    33 |    39 |    82 ||   154
